 Dungeon Crawl Stone Soup version 0.29.1-15-g9cfb28693d (webtiles) character file.

Game seed: 5077160938626475997

33 protoss039 the Digger (level 3, -1/26 HPs)
             Began as a Demonspawn Earth Elementalist on Mar 14, 2023.
             Slain by a gnoll
             ... wielding a +0 halberd
              (8 damage)
             ... on level 2 of the Dungeon.
             The game lasted 00:01:05 (1121 turns).

protoss039 the Digger (DsEE)                        Turns: 1121, Time: 00:01:06

Health: -1/26      AC:  3    Str:  8    XL:     3   Next: 12%
Magic:  3/6        EV: 12    Int: 18    God:
Gold:   31         SH:  0    Dex: 19    Spells: 4/7 levels left

rFire   . . .      SeeInvis .   i - +0 dagger
rCold   . . .      Faith    .   (no shield)
rNeg    . . .      Spirit   .   h - +0 leather armour
rPois   .          Reflect  .   (no helmet)
rElec   .          Harm     .   (no cloak)
rCorr   .          Rampage  .   (no gloves)
Will    .....                   (no boots)
Stlth   ++........              (no amulet)
HPRegen 0.08/turn               c - +6 ring of dexterity
MPRegen 0.10/turn               (no ring)

@: no status effects
A: demonic magic 1
a: no special abilities


You were on level 2 of the Dungeon.
You visited 1 branch of the dungeon, and saw 2 of its levels.

You collected 31 gold pieces.

Inventory:

Hand Weapons
 i - a +0 dagger (weapon)
Armour
 h - a +0 leather armour (worn)
Jewellery
 c - a +6 ring of dexterity (left hand)
Scrolls
 d - a scroll of immolation {unknown}
 e - a scroll of identify {unknown}
Potions
 b - a potion of magic
 f - a potion of brilliance {unknown}
 g - a potion of might {unknown}


   Skills:
 + Level 1.4 Fighting
 - Level 1.7 Dodging
 - Level 1.7 Stealth
 + Level 2.5 Spellcasting
 - Level 0.8 Transmutations
 + Level 3.1 Earth Magic


You had 4 spell levels left.
You knew the following spells:

 Your Spells              Type           Power      Damage    Failure   Level
a - Sandblast             Erth           26%        2d8       7%          1
b - Passwall              Tmut/Erth      7%         N/A       17%         2

Your spell library contained the following spells:

 Spells                   Type           Power      Damage    Failure   Level
 Stone Arrow              Conj/Erth      14%        3d7       36%         3
 Dazzling Flash           Conj/Hex       4%         N/A       58%         3
 Petrify                  Tmut/Erth      9%         N/A       73%         4
 Agony                    Necr           2%         N/A       100%        5
 Silence                  Hex/Air        1%         N/A       100%        5


Dungeon Overview and Level Annotations

Branches:
Dungeon (2/15) Zot: 10866

Altars:


Innate Abilities, Weirdness & Mutations

Spells you cast may paralyse adjacent enemies.


Message History

Increase (S)trength, (I)ntelligence, or (D)exterity?
You feel clever. x2
You see here a jackal corpse.
You see here a jackal corpse.
You see here a +0 dagger.
i - a +0 dagger
i - a +0 dagger (weapon)
You drop a +0 spear.
An adder comes into view.
An adder is nearby!
An adder is nearby!
An adder is nearby!
An adder is nearby!
An adder is nearby!
A bat comes into view.
Found 18 gold pieces.
A bat is nearby! 2 gnolls come into view.
Found a viscous ruby potion and a scroll labelled HUODEA DECH.
There are monsters nearby!
A gnoll comes into view. It is wielding a +0 flail.
A goblin comes into view. It is wielding a +0 club.
There are monsters nearby!
The goblin shouts!
The gnoll shouts! x2; The adder hisses angrily.
There are monsters nearby!
The bat barely misses you. The gnoll hits you but does no damage.
Casting: Sandblast (safe; 7% risk of failure)
Confirm with . or Enter, or press ? or * to list all spells.
Aiming: Sandblast (safe; 7% risk of failure)
Press: ? - help, Shift-Dir - straight line, f - bat
Aim: a bat (73% to hit)
The blast of sand hits the bat.
You kill the bat!
Malevolent energies surge around you.
The gnoll hits you from afar with a +0 halberd!
* * * LOW HITPOINT WARNING * * *
The gnoll closely misses you.
Unknown command.
The gnoll hits you from afar with a +0 halberd!
You die...

#^..##........... ##...#
......?.... ####.†..#
#.......... #.....†#
#.......... #......#
..$.......
#....†.#####S..g.....
######†.#.....g......
#####....).....#.###..#
##.....#####....@.g.!....
...##### #......g...###
#### #..........#
############


You could see 3 gnolls and a goblin.

Vanquished Creatures
  An adder (D:2)
  A worm (D:2)
  A giant cockroach (D:1)
  A goblin (D:1)
  4 hobgoblins
  2 jackals (D:2)
  3 ball pythons (D:1)
  5 bats
  2 rats (D:1)
20 creatures vanquished.

Notes
Turn   | Place    | Note
-------+----------+-------------------------------------------
     0 | D:1      | protoss039 the Demonspawn Earth Elementalist began the
                  | quest for the Orb.
     0 | D:1      | Reached XP level 1. HP: 13/13 MP: 3/3
   641 | D:1      | Gained mutation: Spells you cast may paralyse adjacent
                  | enemies. [demonic ancestry]
   641 | D:1      | Reached XP level 2. HP: 20/20 MP: 3/5
   785 | D:1      | Reached skill level 1 in Fighting
   925 | D:1      | Learned a level 2 spell: Passwall
   933 | D:2      | Reached skill level 3 in Earth Magic
  1106 | D:2      | Reached XP level 3. HP: 18/26 MP: 2/6
  1121 | D:2      | Slain by a gnoll

Illustrated notes

Levels and vault maps discovered:
D:1:      mushboom_english_gardens, layout_loops_ring
D:2:      layout_rooms, chequers_ecumenical_altar_simple

Skill      XL: |  1  2 |
---------------+-------+-----
Fighting       | 1 |  1.4
Earth Magic    | 3 |  3.1
Dodging        | |  1.7
Stealth        | |  1.7
Spellcasting   | |  2.5
Transmutations | |  0.8

Action                   || total
-------------------------++-------
Melee: Dagger            ||     2
       Spear             ||    14
 Cast: Sandblast         ||    25
Armor: Robe              ||     2
       Leather armour    ||     6
Dodge: Dodged            ||    15
